 Dungeon Crawl Stone Soup version 0.19-a0-1493-gd0fcaa6 (webtiles) character file.

33 roguesci the Grasshopper (level 3, -1/40 HPs)
             Began as a Demonspawn Warper on Sept 9, 2016.
             Slain by a worm (6 damage)
             ... on level 2 of the Dungeon.
             The game lasted 00:04:07 (1494 turns).

roguesci the Grasshopper (Demonspawn Warper)        Turns: 1494, Time: 00:04:08

Health: -1/40      AC: 21    Str: 11    XL:     3   Next: 12%
Magic:  5/6        EV:  2    Int: 14    God:
Gold:   21         SH:  0    Dex: 13    Spells: 2 memorised, 3 levels left

rFire  . . .     SeeInvis .     a - +0 falchion
rCold  . . .     Gourm    .     (armour currently unavailable)
rNeg   + + +     Faith    .     (no shield)
rPois  +         Spirit   .     (helmet currently unavailable)
rElec  .         Dismiss  .     (cloak currently unavailable)
rCorr  .         Reflect  .     (gloves currently unavailable)
MR     .....     Harm     .     (boots currently unavailable)
Stlth  .......... NoTele   +    (no amulet)
                                i - ring of loudness (curse)
                                g - ring of flight

@: tree-form
A: (claws 0), powered by death 1
a: no special abilities


You were on level 2 of the Dungeon.
You were hungry.
You were a tree.
You visited 1 branch of the dungeon, and saw 2 of its levels.

You collected 21 gold pieces.

Inventory:

Hand Weapons
 a - a +0 falchion (weapon)
 d - a cursed +0 hunting sling
 l - a +0 hunting sling
Missiles
 e - 5 tomahawks of dispersal (quivered)
Armour
 b - a +0 leather armour (melded)
Jewellery
 g - a ring of flight (left branch)
 i - a cursed ring of loudness (right branch)
Scrolls
 j - a scroll of amnesia {unknown}
 k - a scroll of noise {unknown}
 m - 5 scrolls of identify {unknown}
 p - a scroll of recharging {unknown}
 q - a scroll of fear {unknown}
Books
 c - a book of Spatial Translocations

   Spells                             Type                      Level
   a - Apportation                    Translocation                1
   b - Blink                          Translocation                2
   c - Shroud of Golubria             Charms/Translocation         2
   d - Portal Projectile              Translocation                3
   e - Teleport Other                 Translocation                3
   f - Passage of Golubria            Translocation                4
Comestibles
 f - 2 bread rations
 h - 2 meat rations


   Skills:
 + Level 2.1 Fighting
 * Level 2.5 Long Blades
 - Level 0.8 Throwing
 + Level 1.0 Armour
 * Level 2.0 Dodging
 * Level 2.3 Spellcasting
 * Level 2.8 Translocations


You had 3 spell levels left.
You knew the following spells:

 Your Spells              Type           Power        Failure   Level  Hunger
a - Apportation           Tloc           #.........   10%         1    #......
b - Shroud of Golubria    Chrm/Tloc      #.........   21%         2    ###....


Dungeon Overview and Level Annotations

Branches:
Dungeon (2/15)

Altars:


Innate Abilities, Weirdness & Mutations

((You have sharp fingernails.))
You regenerate a little health from kills.


Message History

The worm closely misses you.
You barely miss the worm.
The worm is heavily wounded.
The worm bites you.
* * * LOW HITPOINT WARNING * * *
You hit the worm but do no damage.
The worm is moderately wounded.
It was a potion of lignification.
You turn into a tree.
Your +0 leather armour melds into your body.
Your roots penetrate the ground.
The worm bites you but does no damage.
You hit the worm.
The worm is heavily wounded.
The worm bites you!
* * * LOW HITPOINT WARNING * * *
You hit the worm.
The worm is heavily wounded.
You hit the worm.
The worm is severely wounded.
The worm bites you.
You die...

### ##### ##...##...##
#..........########
#.......÷....÷[....#
#..................#
#.............w....#
##<..........♣.....#
##...#....#.......#####
########.............#
#.........###.#
##........# #........#
####.####..## .
#...........###..#
##...............#


You could see a worm.

Vanquished Creatures
  2 oozes
  A giant cockroach (D:1)
  A goblin (D:1)
  2 hobgoblins (D:1)
  4 jackals (D:1)
  A ball python (D:1)
  6 bats
  3 giant newts
  4 kobolds (D:1)
  A rat (D:1)
25 creatures vanquished.

Notes
Turn   | Place    | Note
-------+----------+-------------------------------------------
     0 | D:1      | roguesci the Demonspawn Warper began the quest for the Orb.
     0 | D:1      | Reached XP level 1. HP: 16/16 MP: 3/3
   359 | D:1      | Reached skill level 1 in Armour
   361 | D:1      | Gained mutation: You regenerate a little health from kills. [demonic ancestry]
   361 | D:1      | Reached XP level 2. HP: 11/22 MP: 5/5
   569 | D:1      | Learned a level 2 spell: Shroud of Golubria
  1211 | D:2      | Gained mutation: You have sharp fingernails. [demonic ancestry]
  1211 | D:2      | Reached XP level 3. HP: 27/27 MP: 6/6
  1494 | D:2      | Slain by a worm

Vault maps used:
D:1:      wheals_arrival_linesprint, minmay_misc_feat_more_columns
D:2:      bloody_trog

Skill      XL: |  1  2 |
---------------+-------+-----
Long Blades    | 2 |  2.5
Armour         | 1 |  1.0
Dodging        | 2 |  2.0
Fighting       | |  2.1
Throwing       | |  0.8
Spellcasting   | |  2.3
Translocations | |  2.8

Action                   || total
-------------------------++-------
Melee: Falchion          ||   139
 Cast: Shroud of Golubri ||     3
  Use: Scroll            ||     2
       Potion            ||     1
  Eat: Pizza             ||     1
Armor: Leather armour    ||    44
       Skin              ||     1
Dodge: Dodged            ||    77
